 Dungeon Crawl Stone Soup version 0.20-a0-1065-g8446734 (webtiles) character file.

8348 AlphabetPasta the Merchant of Misery (level 11, -10/81 (84) HPs)
             Began as a Gnoll Necromancer on Apr 28, 2017.
             Was a Believer of Kikubaaqudgha.
             Mangled by Snorg (17 damage)
             ... on level 10 of the Dungeon.
             The game lasted 00:57:45 (11438 turns).

AlphabetPasta the Merchant of Misery (GnNe)        Turns: 11438, Time: 00:57:45

HP:   -10/81 (84)   AC:  7    Str: 12    XL:     11   Next: 29%
MP:   13/22         EV: 17    Int: 16    God:    Kikubaaqudgha [**....]
Gold: 564           SH:  0    Dex: 15    Spells: 11/25 levels left

rFire    . . .     SeeInvis .   b - +5 hunting sling of Duty {venom, +Inv rPois Str+2}
rCold    . . .     Gourm    .   (no shield)
rNeg     . . .     Faith    .   h - +0 robe
rPois    +         Spirit   .   (no helmet)
rElec    .         Reflect  .   n - +1 cloak
rCorr    .         Harm     .   t - +1 pair of gloves {archery}
MR       .....                  (no boots)
Stlth    ++........             (no amulet)
Regen    0.3/turn               (no ring)
MPRegen  0.2/turn               (no ring)

@: very slightly contaminated, drained
A: short attention span, fangs 1, strong nose
a: Receive Corpses, Renounce Religion, Evoke Invisibility


You were on level 10 of the Dungeon.
You worshipped Kikubaaqudgha.
Kikubaaqudgha was pleased with you.
You were not hungry.

You visited 2 branches of the dungeon, and saw 11 of its levels.

You collected 564 gold pieces.

Inventory:

Hand Weapons
 a - a +1 trident
 b - the +5 hunting sling of Duty (weapon) {venom, +Inv rPois Str+2}
   (You found it on level 5 of the Dungeon)

   It poisons the ammo it fires.
   It affects your strength (+2).
   It protects you from poison.
   It lets you turn invisible.
 c - a +0 blowgun
 B - a +1 trident of protection
Missiles
 o - 8 javelins
 v - 163 stones (quivered)
 w - 19 poisoned needles
 C - 22 sling bullets
Armour
 h - a +0 robe (worn)
 n - a +1 cloak (worn)
 q - a +0 large shield
 t - a +1 pair of gloves of archery (worn)
Jewellery
 x - an uncursed ring of fire
Wands
 k - a wand of flame (29/48)
 A - a wand of paralysis (19/24)
Scrolls
 e - 7 scrolls of identify
 f - 6 scrolls of remove curse
 m - 3 scrolls of teleportation
 p - a scroll of enchant armour
 r - a scroll of fear
Potions
 j - a potion of flight
 l - a potion of brilliance
Books
 u - a book of Necromancy

   Spells                             Type                      Level
   a - Pain                           Necromancy                   1
   b - Animate Skeleton               Necromancy                   1
   c - Vampiric Draining              Necromancy                   3
   d - Regeneration                   Charms/Necromancy            3
   e - Animate Dead                   Necromancy                   4
   f - Control Undead                 Necromancy                   4
 y - Kikubaaqudgha's Handbook of Unholy Arts
   (Kikubaaqudgha gifted it to you on level 6 of the Dungeon)

   Spells                             Type                      Level
   a - Animate Skeleton               Necromancy                   1
   b - Corpse Rot                     Necromancy                   2
   c - Sublimation of Blood           Necromancy                   2
   d - Vampiric Draining              Necromancy                   3
   e - Control Undead                 Necromancy                   4
Miscellaneous
 D - a box of beasts
Comestibles
 g - 2 fruits
 i - 9 bread rations
 s - 4 royal jellies
 z - 2 chunks of flesh


   Skills:
 + Level 7.5(7.4) Fighting
 * Level 8.9(8.8) Polearms
 + Level 5.6(5.5) Slings
 + Level 7.5(7.4) Armour
 + Level 8.0(7.9) Dodging
 - Level 2.6 Stealth
 + Level 6.3(6.2) Shields
 + Level 7.9(7.8) Spellcasting
 + Level 3.4(3.3) Charms
 * Level 10.0(9.9) Necromancy
 + Level 6.0(5.9) Evocations


You had 11 spell levels left.
You knew the following spells:

 Your Spells              Type           Power        Failure   Level  Hunger
a - Pain                  Necr           ####         1%          1    None
b - Animate Skeleton      Necr           N/A          1%          1    None
c - Vampiric Draining     Necr           #####.....   1%          3    ##.....
d - Regeneration          Chrm/Necr      ####......   2%          3    ##.....
e - Animate Dead          Necr           N/A          1%          4    ####...
f - Sublimation of Blood  Necr           #####.....   1%          2    None


Dungeon Overview and Level Annotations

Branches:
Dungeon (10/15)            Temple (1/1) D:7            Lair (0/6) D:8
    Orc: D:9-12

Altars:
Ashenzari
Cheibriados
Dithmenos
Elyvilon
Fedhas
Gozag
Hepliaklqana
Kikubaaqudgha
Makhleb
Nemelex Xobeh
Okawaru
Qazlal
Ru
Sif Muna
Trog
Uskayaw
Vehumet
Wu Jian
Xom
Yredelemnul
Zin
The Shining One

Annotations:
D:3 chickenpie's ghost, amateur DsAK
D:10 Snorg


Innate Abilities, Weirdness & Mutations

You have a short attention span.
You have very sharp teeth.
Your uncanny sense of smell can sniff out nearby items.


Message History

Press: ? - help, Shift-Dir - straight line, f/p - Snorg
Aim: Snorg (severely wounded, berserk, fast, unusually strong, poisoned) Snorg is severely wounded.
You feel life coursing into your body. Snorg closely misses you.
Snorg claws you!
* * * LOW HITPOINT WARNING * * *
Snorg claws you.
* * * LOW HITPOINT WARNING * * *
Unknown command.
Casting: Vampiric Draining
Confirm with . or Enter, or press ? or * to list all spells.
Aiming: Vampiric Draining
Press: ? - help, Shift-Dir - straight line, f/p - Snorg
Aim: Snorg (severely wounded, berserk, fast, unusually strong, poisoned) Snorg is severely wounded.
You feel life coursing into your body. Snorg misses you. Snorg claws you!
* * * LOW HITPOINT WARNING * * *
Snorg closely misses you. Snorg bites you!
You die...
Kikubaaqudgha rasps: "You have failed me!
Welcome... death!"

#.....##### #.........#
#.........# +.........#
.+ #.........# ...#
#.......?.#.....
#.........'.....
#...(..<..#(....
#.(T@.....# (...
..#####+###.........#
'##
.........((...........
..
.....................##
#
...............##+##.+
......##+###+### .#
...... .# ...... .....


You could see Snorg (berserk).

Vanquished Creatures
  A two-headed ogre (D:9)
  Pikel (D:5)
  A komodo dragon (D:8)
  A troll (D:9)
  Grinder (D:6)
  A hippogriff (D:8)
  Prince Ribbit (D:6)
  Sigmund (D:4)
  A spriggan (D:7)
  4 yaks (D:9)
  Eustachio (D:4)
  2 hungry ghosts
  Edmund (D:4)
  A water moccasin (D:8)
  An orc warrior (D:9)
  A black bear (D:6)
  2 sky beasts (D:7)
  An eye of draining (D:9)
  A necrophage (D:8)
  2 phantoms
  6 ogres
  3 centaurs
  2 big kobolds
  Blork the orc (D:6)
  A wyvern zombie (D:9)
  2 bullfrogs (D:7)
  A gnoll sergeant (D:9)
  2 scorpions
  3 killer bees (D:8)
  4 howler monkeys
  3 wights (D:9)
  A bullfrog zombie (D:6)
  A crimson imp (D:8)
  5 hounds
  2 jellies
  A centaur skeleton (D:7)
  6 orc priests
  6 orc wizards
  3 iguanas
  2 worker ants
  A hound skeleton (D:8)
  A howler monkey zombie (D:5)
  5 gnolls (D:9)
  9 adders
  A shadow imp (D:5)
  4 adder skeletons
  3 worms
  A dart slug (D:1)
  3 leopard geckos
  13 orcs
  3 giant cockroaches
  7 goblins
  11 hobgoblins
  10 jackals
  12 kobolds
  3 quokkas
  4 bats
  2 frilled lizards
  A giant cockroach zombie (D:6)
  2 quokka skeletons (D:7)
  12 rats
189 creatures vanquished.

Vanquished Creatures (collateral kills)
  2 two-headed ogres (D:8)
  A water moccasin (D:8)
  A wyvern zombie (D:8)
  A crimson imp (D:8)
  A hound skeleton (D:8)
  A hobgoblin (D:9)
7 creatures vanquished.

Vanquished Creatures (others)
  A slave (D:5)
  A plant (D:8)
2 creatures vanquished.

Grand Total: 198 creatures vanquished

Notes
Turn   | Place    | Note
-------+----------+-------------------------------------------
     0 | D:1      | AlphabetPasta the Gnoll Necromancer began the quest for the Orb.
     0 | D:1      | Reached XP level 1. HP: 13/13 MP: 4/4
    45 | D:1      | Learned a level 1 spell: Animate Skeleton
   120 | D:1      | Reached skill level 6 in Necromancy
   220 | D:1      | Reached skill level 1 in Fighting
   234 | D:1      | Reached XP level 2. HP: 20/21 MP: 4/6
   505 | D:1      | Reached XP level 3. HP: 22/26 MP: 2/8
   612 | D:1      | Reached skill level 1 in Armour
  1203 | D:2      | Learned a level 3 spell: Vampiric Draining
  1207 | D:2      | Learned a level 3 spell: Regeneration
  1411 | D:2      | Reached XP level 4. HP: 29/33 MP: 4/9
  2129 | D:3      | Noticed chickenpie's ghost (amateur DsAK)
  2274 | D:3      | Found an iron altar of Okawaru.
  2274 | D:3      | Found a glowing silver altar of Zin.
  2501 | D:3      | Reached skill level 7 in Necromancy
  2957 | D:3      | Reached XP level 5. HP: 37/38 MP: 8/11
  3187 | D:4      | Noticed Sigmund
  3353 | D:4      | Killed Sigmund
  3353 | D:4      | Reached XP level 6. HP: 29/46 MP: 5/12
  3532 | D:4      | Noticed Edmund
  3547 | D:4      | Killed Edmund
  3547 | D:4      | Reached XP level 7. HP: 34/52 MP: 0/14
  3554 | D:4      | Learned a level 4 spell: Animate Dead
  3726 | D:4      | Noticed Eustachio
  3750 | D:4      | Killed Eustachio
  3750 | D:4      | Reached skill level 5 in Dodging
  3750 | D:4      | Reached skill level 5 in Spellcasting
  3750 | D:4      | Reached skill level 8 in Necromancy
  3900 | D:4      | Found a deep blue altar of Sif Muna.
  4027 | D:5      | Entered Level 5 of the Dungeon
  4074 | D:5      | Reached skill level 1 in Shields
  4519 | D:5      | Noticed Pikel
  4545 | D:5      | Killed Pikel
  4545 | D:5      | Reached skill level 5 in Polearms
  4545 | D:5      | Reached XP level 8. HP: 34/61 MP: 3/16
  4776 | D:5      | Found a shadowy altar of Dithmenos.
  4800 | D:5      | Found a sacrificial altar of Ru.
  5039 | D:6      | Found a glowing golden altar of the Shining One.
  5171 | D:5      | Got an iridescent hunting sling
  5172 | D:5      | Identified the +5 hunting sling of Duty {venom, +Inv rPois Str+2} (You found it on level 5 of the Dungeon)
  5518 | D:6      | Noticed Grinder
  5575 | D:7      | Reached skill level 1 in Evocations
  5636 | D:7      | Reached skill level 5 in Armour
  5639 | D:7      | Reached skill level 5 in Fighting
  5665 | D:7      | Reached skill level 1 in Slings
  5707 | D:7      | Reached XP level 9. HP: 22/68 MP: 6/18
  5718 | D:7      | You fall through a shaft for 2 floors!
  6259 | D:8      | Reached skill level 9 in Necromancy
  6800 | D:7      | Found a staircase to the Ecumenical Temple.
  6807 | Temple   | Entered the Ecumenical Temple
  7001 | D:7      | Found an ancient bone altar of Kikubaaqudgha.
  7005 | D:7      | Became a worshipper of Kikubaaqudgha
  7150 | D:7      | You fall through a shaft for 3 floors!
  7150 | D:10     | Entered Level 10 of the Dungeon
  7863 | D:9      | Found a radiant altar of Vehumet.
  8301 | D:6      | Paralysed by Grinder for 5 turns
  8312 | D:6      | Killed Grinder
  8417 | D:6      | Reached XP level 10. HP: 74/74 MP: 20/20
  8644 | D:6      | Noticed Prince Ribbit
  8651 | D:6      | Killed Prince Ribbit
  8908 | D:6      | Noticed Blork the orc
  8912 | D:6      | Killed Blork the orc
  9097 | D:6      | Reached * piety under Kikubaaqudgha
  9097 | D:6      | Identified Kikubaaqudgha's Handbook of Unholy Arts (Kikubaaqudgha gifted it to you on level 6 of the Dungeon)
  9097 | D:6      | Received a gift from Kikubaaqudgha
  9102 | D:6      | Learned a level 2 spell: Sublimation of Blood
  9535 | D:8      | Reached skill level 5 in Shields
  9630 | D:8      | Noticed a two-headed ogre
  9639 | D:8      | Killed a two-headed ogre
  9639 | D:8      | Reached skill level 1 in Charms
  9823 | D:8      | Found a staircase to the Lair.
  9855 | D:8      | Reached skill level 5 in Slings
  9920 | D:8      | Noticed a two-headed ogre
  9927 | D:8      | Killed a two-headed ogre
  9927 | D:8      | Reached skill level 5 in Evocations
 10304 | D:9      | Reached ** piety under Kikubaaqudgha
 10309 | D:9      | Reached XP level 11. HP: 59/81 MP: 17/22
 10552 | D:9      | Noticed a two-headed ogre
 10561 | D:9      | Killed a two-headed ogre
 10561 | D:9      | Reached skill level 10 in Necromancy
 10664 | D:9      | Found a basalt altar of Yredelemnul.
 11418 | D:10     | Noticed Snorg
 11438 | D:10     | Mangled by Snorg

Vault maps used:
D:1:      elethiomel_arrival_maze
D:3:      gammafunk_temple_overflow_elements, kennysheep_pointless_box,
          kennysheep_generic_room_12
D:4:      kennysheep_mini_moat, uniq_sigmund, uniq_edmund, uniq_eustachio
D:5:      grunt_dithmenos_shadows, first_bread, nicolae_ru_the_path_less_chosen,
          uniq_pikel
D:6:      tso_altar, uniq_grinder, uniq_blork_the_orc, uniq_prince_ribbit1
D:7:      marbit_many_paths, temple_statues, the_bakery
D:8:      minmay_four_partial_circles, david_lair_shrubbed
D:9:      minmay_curly_fans, overflow_temple_1_default, moated_statue,
          vehumet_altar_wand_db
D:10:     basic_altar, uniq_snorg, uniq_nergalle, uniq_fannar
Temple:   regret_index_temple_waves

Skill      XL: |  1  2  3  4  5  6  7  8  9 10 11 |
---------------+----------------------------------+-----
Necromancy     | 6 7 8 9 10 | 10.0
Fighting       | 1 2 3 4 5 6 7 |  7.5
Armour         | 1 2 3 4 5 6 7 |  7.5
Spellcasting   | 4 5 6 7 |  7.9
Dodging        | 4 5 6 7 8 |  8.0
Polearms       | 2 3 5 6 7 8 |  8.9
Shields        | 3 4 5 6 |  6.3
Evocations     | 1 3 5 6 |  6.0
Slings         | 1 3 5 |  5.6
Charms         | 2 3 |  3.4
Stealth        | |  2.6

Action                   |  1- 3 |  4- 6 |  7- 9 | 10-12 || total
-------------------------+-------+-------+-------+-------++-------
Melee: Unarmed           |     8 |       |       |       ||     8
       Trident           |       |     4 |   276 |    22 ||   302
       Bite              |       |       |    23 |       ||    23
 Fire: Hunting sling     |       |       |     8 |   207 ||   215
Throw: Javelin           |       |       |     7 |       ||     7
 Cast: Pain              |    55 |    87 |    83 |     9 ||   234
       Animate Skeleton  |    12 |    13 |     5 |     8 ||    38
       Vampiric Draining |       |     2 |    26 |    25 ||    53
       Animate Dead      |       |       |     3 |     3 ||     6
       Regeneration      |       |       |       |     4 ||     4
  Use: Scroll            |     4 |     6 |     8 |     3 ||    21
       Potion            |       |       |     5 |       ||     5
 Stab: Sleeping          |       |     1 |     4 |       ||     5
       Distracted        |       |       |     1 |     1 ||     2
  Eat: Chunk             |     1 |     4 |    14 |    11 ||    30
       Fruit             |       |     3 |     1 |       ||     4
       Meat ration       |       |       |     2 |       ||     2
Armor: Robe              |     3 |     2 |    67 |    14 ||    86
Dodge: Dodged            |     8 |    16 |   210 |    80 ||   314
